 Dungeon Crawl Stone Soup version 0.31-a0-177-g4aa6249778 (webtiles) character file.

Game seed: 12765882519180187363

164791 qw the Marksnaga (level 17, -1/176 HPs)
             Began as a Naga Hunter on June 17, 2023.
             Was a High Priest of Okawaru.
             Constricted to death by a nagaraja (2 damage)
             ... on level 4 of the Snake Pit.
             The game lasted 00:15:37 (29415 turns).

qw the Marksnaga (Naga Hunter)                     Turns: 29415, Time: 00:15:38

Health: -1/176     AC: 28    Str: 15    XL:     17   Next: 86%
Magic:  24/24      EV: 26    Int:  9    God:    Okawaru [*****.]
Gold:   363        SH:  0    Dex: 28    Spells: 16/16 levels left

rFire   + . .        j - +9 arbalest of Watchfulness {speed, rC++ rN+}
rCold   + + .        (shield currently unavailable)
rNeg    + . .        x - +3 leather armour {rF+}
rPois   +            v - +2 helmet {SInv}
rElec   .            o - +2 cloak {rPois}
rCorr   .            (no gloves)
SInv    +            r - +3 barding {Fly}
Will    ++...        d - amulet of faith
Stlth   ++++         z - +6 ring of dexterity
HPRegen 0.49/turn    n - +5 ring of evasion
MPRegen 0.19/turn

%: faith
@: lethally poisoned (-1 -> -16), about to teleport, heroic, flying,
constricted, very slow
A: AC +5, large, see invisible, deformed body, poison resistance, slowness 2,
spit poison 1, naga tail 2
a: Spit Poison, Renounce Religion, Heroism, Finesse, Duel


You were on level 4 of the Snake Pit.
You worshipped Okawaru.
Okawaru was extremely pleased with you.
You visited 6 branches of the dungeon, and saw 30 of its levels.

You collected 3912 gold pieces.
You spent 3549 gold pieces at shops.


Innate Abilities, Weirdness & Mutations

Your serpentine skin is tough. (AC +5)
You have supernaturally acute eyesight. (SInv)
Armour fits poorly on your strangely shaped body.
Your system is resistant to poisons. (rPois)
You cover ground very slowly.
You can spit poison.
You can use your snake-like lower body to constrict enemies.


   Skills:
 - Level 17.0(22.0) Fighting
 - Level 18.0(23.0) Ranged Weapons
 - Level 8.0(13.0) Armour
 + Level 12.4(17.4) Dodging
 - Level 1.5(6.5) Stealth
 - Level 10.0 Invocations


You had 16 spell levels left.
You didn't know any spells.
Your spell library was empty.

Inventory:

Hand Weapons
 j - the +9 arbalest of Watchfulness (weapon) {speed, rC++ rN+}
   (Okawaru gifted it to you on level 2 of the Lair of Beasts)

   rC:        It greatly protects you from cold.
   rN:        It protects you from negative energy.
Armour
 g - a +0 troll leather armour
 o - a +2 cloak of poison resistance (worn)
 r - a +3 barding of flying (worn)
 v - a +2 helmet of see invisible (worn)
 x - a +3 leather armour of fire resistance (worn)
Jewellery
 d - an amulet of faith (around neck)
 n - a +5 ring of evasion (right hand)
 w - an amulet of reflection
 z - a +6 ring of dexterity (left hand)
 A - a ring of fire
Wands
 k - a wand of digging (7)
Scrolls
 c - 3 scrolls of enchant weapon
 h - 16 scrolls of identify
 s - 4 scrolls of brand weapon
Potions
 a - a potion of enlightenment
 b - 12 potions of curing
 e - a potion of magic
 f - 3 potions of haste
 i - 4 potions of mutation
 m - 4 potions of might
 p - 3 potions of resistance
 t - a potion of cancellation

Dungeon Overview and Level Annotations

Branches:
Dungeon (15/15)            Temple (1/1) D:4            Lair (5/5) D:11
  Swamp (3/4) Lair:3        Snake (4/4) Lair:2        Slime (0/5) Lair:5
    Orc (2/2) D:12            Elf (0/3) Orc:2        Vaults (0/5) D:13
 Depths (0/4) D:15

Altars:
Ashenzari
Cheibriados
Dithmenos
Elyvilon
Fedhas
Gozag
Hepliaklqana
Kikubaaqudgha
Makhleb
Nemelex Xobeh
Okawaru
Qazlal
Ru
Sif Muna
Trog
Uskayaw
Vehumet
Wu Jian
Xom
Yredelemnul
Zin
The Shining One
Jiyva

Shops:
D:1 !   D:6 =(!([   D:11 *   Orc:1 [   Orc:2 =(*[   Snake:1 [*=(   Snake:2 :

Annotations:
D:5 1 runed translucent door, qw's ghost, novice NaHu
D:6 2 transporters, qw's ghost, novice NaHu
D:7 4 runed translucent doors
D:9 3 runed translucent doors, qw's ghost, novice MiHu; qw's ghost, novice NaHu
D:11 1 runed translucent door
D:12 3 runed translucent doors, corvin's ghost, journeyman DgWn
D:13 3 runed translucent doors, Kokhlaf's ghost, journeyman DECj
Lair:5 1 runed translucent door
Swamp:1 1 runed translucent door, qw's ghost, journeyman GrFi
Snake:1 1 runed translucent door, vinnietd's ghost, adept HaFi


Message History

You shoot a bolt. The bolt hits the salamander!!
You kill the salamander!
Okawaru accepts your kill.
You start resting.
A nagaraja is nearby!
You shoot a bolt. The bolt barely misses the nagaraja.
The nagaraja spits poison at you.
The splash of poison hits you but does no damage.
You resist.
You shoot a bolt. The bolt barely misses the nagaraja.
The nagaraja hits you from afar with a +0 spear!
You shoot a bolt. The bolt hits the nagaraja!
The nagaraja is lightly wounded.
The nagaraja completely misses you.
You shoot a bolt. The bolt barely misses the nagaraja.
The nagaraja completely misses you.
You shoot a bolt. The bolt hits the nagaraja!
The nagaraja is lightly wounded.
The nagaraja hits you from afar with a +0 spear!
The nagaraja completely misses you. The nagaraja grabs you.
The nagaraja constricts you.
29413 ||| READING scroll of teleportation.
As you read the scroll of teleportation, it crumbles to dust.
You feel strangely unstable.
The nagaraja hits you from afar with a +0 spear.
The nagaraja hits you with a +0 spear! The nagaraja constricts you.
You shoot a bolt. The bolt hits the nagaraja!!!
The nagaraja is severely wounded.
You hear a shout!
The nagaraja misses you.
The nagaraja gestures at you while chanting.
The bolt of poison hits you!
You are lethally poisoned!
You resist. The nagaraja constricts you.
You shoot a bolt. The bolt hits the nagaraja!
The nagaraja is almost dead.
You feel very sick.
The nagaraja hits you but does no damage. x2
The nagaraja constricts you.
You die...

....... ...................
....... ...................
....... ..........)........
.......########.......¤...¤
.......#......#..¤..)).)...
.......#......#.N...#######
.......##....'#.....#
........##.###...)..#
..........@#.....N..#
....##.....NN##.....#
#####..}...}..##..N.#
#)..........#....#
#.....}.....#....#
#..<).......#......
#.))..}.....# .....
#...........# ##..}...}..##


You could see 2 nagarajas.

Vanquished Creatures
  Vashnia (Snake:3)
  A tentacled monstrosity (Swamp:2)
  Gastronok (D:11)
  A thorn hunter (Swamp:1)
  A tengu reaver (D:14)
  Donald (Swamp:1)
  4 nagarajas
  Louise (D:15)
  2 orc warlords (Orc:2)
  A stone giant (D:15)
  A bunyip (Swamp:1)
  An eleionoma (Swamp:1)
  Azrael (D:12)
  Snorg (D:11)
  Josephine (Lair:5)
  A vault guard (D:13)
  A salamander tyrant (Snake:4)
  Erolcha (D:9)
  10 hydras
  3 ghost crabs (Swamp:3)
  A catoblepas (Lair:4)
  6 anacondas
  A boulder beetle (D:12)
  2 two-headed ogres
  4 centaur warriors
  5 alligators
  A death knight (D:14)
  A deep troll earth mage (D:14)
  6 death yaks
  Urug (Lair:4)
  7 naga warriors
  16 naga sharpshooters
  2 shock serpents
  An orc high priest (Orc:2)
  Nergalle (D:12)
  2 skysharks (Lair:5)
  A shadow wraith (D:13)
  2 salamander mystics
  2 goliath frogs
  A death drake (Swamp:3)
  2 sea snakes (Snake:2)
  2 spriggan druids
  6 naga ritualists
  9 bog bodies
  3 swamp dragons (Swamp:2)
  2 wizards
  2 lindwurms (Lair:5)
  6 deep elf pyromancers
  5 orc knights
  6 mana vipers
  9 ugly things
  7 cyclopes
  A manticore (D:15)
  6 will-o-the-wisps
  20 salamanders
  3 orc sorcerers
  4 elephants (Lair:5)
  A guardian serpent (Snake:2)
  8 naga magi
  23 black mambas
  2 gargoyles
  5 torpor snails (Lair:5)
  A yaktaur (shapeshifter) (D:14)
  15 cane toads
  A kobold demonologist (D:9)
  3 unseen horrors
  5 rime drakes
  8 komodo dragons
  A komodo dragon (shapeshifter) (D:15)
  A freezing wraith (D:14)
  A queen bee (Lair:5)
  6 trolls
  3 meliai (Lair:5)
  4 polar bears (Lair:4)
  8 tyrant leeches
  10 hornets
  A bloated husk (Swamp:1)
  4 dream sheep (Lair:5)
  A slime creature (D:13)
  19 blink frogs
  11 wraiths
  An air elemental (D:14)
  2 spriggans (Swamp:3)
  A water elemental (D:13)
  3 shadows (D:11)
  14 fire bats (D:11)
  3 wyverns
  A fire elemental (D:12)
  Eustachio (D:6)
  36 yaks
  3 basilisks
  3 steam dragons
  6 vampire mosquitoes
  4 wargs
  27 nagas
  14 swamp worms
  5 hell hounds
  4 acid dragons
  11 water moccasins
  6 sky beasts
  A swamp drake (Swamp:2)
  35 orc warriors
  2 black bears
  8 centaurs
  4 ice beasts
  7 ogres
  A wolf (D:11)
  3 kobold brigands
  14 bullfrogs
  3 gnoll sergeants
  A necrophage (Swamp:3)
  4 scorpions
  9 wights
  30 killer bees
  4 howler monkeys
  6 electric eels
  3 lava snakes (Lair:2)
  18 orc priests
  6 hounds
  4 jellies
  3 gnoll boudas
  4 iguanas
  A sleepcap (D:5)
  17 orc wizards
  25 gnolls
  8 adders
  4 shadow imps
  5 white imps
  An ufetubus (D:5)
  2 worms (D:3)
  3 dart slugs
  70 orcs
  9 ball pythons
  11 endoplasms
  3 giant cockroaches
  12 goblins
  7 hobgoblins
  3 quokkas
  73 bats
  7 frilled lizards
  17 kobolds
  7 rats
933 creatures vanquished.

Vanquished Creatures (others)
  4 foxfires (Swamp:1)
4 creatures vanquished.

Grand Total: 937 creatures vanquished

Notes
Turn   | Place    | Note
-------+----------+-------------------------------------------
     0 | D:1      | qw the Naga Hunter began the quest for the Orb.
     0 | D:1      | Reached XP level 1. HP: 19/19 MP: 1/1
     0 | D:1      | 0 ||| qw: Version: 0.3-a-5-g6f28e65
     0 | D:1      | 0 ||| qw: Game counter: 502
     0 | D:1      | 0 ||| qw: Always use a shield: true
     0 | D:1      | 0 ||| qw: God list: Okawaru
     0 | D:1      | 0 ||| qw: Allow faded altars: false
     0 | D:1      | 0 ||| qw: Do Orc after D:15 true
     0 | D:1      | 0 ||| qw: Do second Lair branch before Depths: true
     0 | D:1      | 0 ||| qw: Lair rune preference: random
     0 | D:1      | 0 ||| qw: Plans: Normal
     0 | D:1      | 0 ||| PLANNING D:1-11
     6 | D:1      | 6 ||| INVOKING Spit Poison.
    39 | D:1      | 39 ||| INVOKING Spit Poison.
    46 | D:1      | Reached skill level 4 in Ranged Weapons
    46 | D:1      | Reached XP level 2. HP: 26/26 MP: 2/2
    65 | D:1      | 65 ||| INVOKING Spit Poison.
    70 | D:1      | 70 ||| INVOKING Spit Poison.
    74 | D:1      | 74 ||| INVOKING Spit Poison.
    78 | D:1      | 78 ||| INVOKING Spit Poison.
    82 | D:1      | 82 ||| INVOKING Spit Poison.
    88 | D:1      | Found Siluc's Distillery.
    91 | D:1      | 91 ||| INVOKING Spit Poison.
   100 | D:1      | 100 ||| SHOPLISTING 2 potions of curing (78 gold, have 0).
   100 | D:1      | 100 ||| SHOPLISTING potion of cancellation (104 gold, have
                  | 0).
   100 | D:1      | 100 ||| SHOPLISTING potion of curing (39 gold, have 0).
   100 | D:1      | 100 ||| SHOPLISTING potion of enlightenment (65 gold, have
                  | 0).
   100 | D:1      | 100 ||| SHOPLISTING potion of mutation (104 gold, have 0).
   136 | D:1      | 136 ||| INVOKING Spit Poison.
   186 | D:1      | 186 ||| INVOKING Spit Poison.
   192 | D:1      | 192 ||| INVOKING Spit Poison.
   199 | D:1      | 199 ||| INVOKING Spit Poison.
   200 | D:1      | Reached XP level 3. HP: 32/32 MP: 3/3
   214 | D:1      | 214 ||| INVOKING Spit Poison.
   263 | D:1      | 263 ||| INVOKING Spit Poison.
   270 | D:1      | 270 ||| INVOKING Spit Poison.
   318 | D:1      | 318 ||| INVOKING Spit Poison.
   326 | D:1      | 326 ||| UPGRADING to +2 ring mail of fire resistance.
   336 | D:1      | 336 ||| DROPPING +0 leather armour.
   337 | D:1      | 337 ||| READING scroll labelled JIPRAE FIOTHAD.
   340 | D:1      | 340 ||| READING scroll labelled VOENTO CIAVUER.
   341 | D:1      | 341 ||| DROPPING scroll of butterflies.
   347 | D:2      | 347 ||| INVOKING Spit Poison.
   355 | D:2      | 355 ||| INVOKING Spit Poison.
   360 | D:2      | 360 ||| INVOKING Spit Poison.
   426 | D:2      | 426 ||| INVOKING Spit Poison.
   429 | D:2      | 429 ||| INVOKING Spit Poison.
   522 | D:2      | 522 ||| INVOKING Spit Poison.
   557 | D:2      | 557 ||| INVOKING Spit Poison.
   570 | D:2      | 570 ||| INVOKING Spit Poison.
   575 | D:2      | Reached skill level 5 in Ranged Weapons
   575 | D:2      | Reached XP level 4. HP: 39/39 MP: 4/4
   620 | D:2      | 620 ||| INVOKING Spit Poison.
   692 | D:2      | 692 ||| INVOKING Spit Poison.
   898 | D:2      | 898 ||| INVOKING Spit Poison.
   991 | D:2      | 991 ||| INVOKING Spit Poison.
  1096 | D:2      | 1096 ||| DRINKING 2 smoky orange potions.
  1122 | D:3      | 1122 ||| INVOKING Spit Poison.
  1123 | D:3      | 1123 ||| INVOKING Spit Poison.
  1128 | D:3      | 1128 ||| INVOKING Spit Poison.
  1133 | D:3      | 1133 ||| INVOKING Spit Poison.
  1134 | D:3      | 1134 ||| INVOKING Spit Poison.
  1138 | D:3      | 1138 ||| INVOKING Spit Poison.
  1196 | D:3      | 1196 ||| INVOKING Spit Poison.
  1197 | D:3      | 1197 ||| INVOKING Spit Poison.
  1252 | D:3      | 1252 ||| INVOKING Spit Poison.
  1256 | D:3      | 1256 ||| INVOKING Spit Poison.
  1334 | D:3      | 1334 ||| INVOKING Spit Poison.
  1337 | D:3      | 1337 ||| INVOKING Spit Poison.
  1367 | D:3      | 1367 ||| INVOKING Spit Poison.
  1370 | D:3      | Reached skill level 3 in Fighting
  1373 | D:3      | 1373 ||| INVOKING Spit Poison.
  1391 | D:3      | 1391 ||| INVOKING Spit Poison.
  1503 | D:3      | 1503 ||| INVOKING Spit Poison.
  1506 | D:3      | 1506 ||| INVOKING Spit Poison.
  1511 | D:3      | 1511 ||| INVOKING Spit Poison.
  1514 | D:3      | Reached XP level 5. HP: 19/49 MP: 5/5
  1515 | D:3      | 1515 ||| INVOKING Spit Poison.
  1826 | D:3      | 1826 ||| INVOKING Spit Poison.
  1831 | D:3      | 1831 ||| INVOKING Spit Poison.
  1837 | D:3      | 1837 ||| INVOKING Spit Poison.
  1861 | D:3      | 1861 ||| INVOKING Spit Poison.
  1871 | D:3      | 1871 ||| INVOKING Spit Poison.
  1920 | D:3      | 1920 ||| DROPPING +1 ring mail of fire resistance.
  1921 | D:3      | 1921 ||| UPGRADING to ring of protection from cold.
  1922 | D:3      | 1922 ||| READING 2 scrolls labelled ADUMOA FOTI.
  1923 | D:3      | 1923 ||| READING 2 scrolls labelled LOTUOSCHUHEO.
  1924 | D:3      | 1924 ||| DRINKING 2 green potions.
  1925 | D:3      | 1925 ||| DROPPING scroll of revelation.
  1956 | D:4      | 1956 ||| INVOKING Spit Poison.
  1959 | D:4      | 1959 ||| INVOKING Spit Poison.
  1963 | D:4      | 1963 ||| INVOKING Spit Poison.
  1967 | D:4      | 1967 ||| INVOKING Spit Poison.
  1972 | D:4      | 1972 ||| INVOKING Spit Poison.
  2082 | D:4      | Found a sacrificial altar of Ru.
  2083 | D:4      | 2083 ||| INVOKING Spit Poison.
  2087 | D:4      | 2087 ||| INVOKING Spit Poison.
  2092 | D:4      | 2092 ||| INVOKING Spit Poison.
  2111 | D:4      | 2111 ||| INVOKING Spit Poison.
  2116 | D:4      | Reached skill level 6 in Ranged Weapons
  2116 | D:4      | Reached XP level 6. HP: 56/56 MP: 6/6
  2138 | D:4      | 2138 ||| INVOKING Spit Poison.
  2141 | D:4      | 2141 ||| INVOKING Spit Poison.
  2154 | D:4      | Found a staircase to the Ecumenical Temple.
  2155 | D:4      | 2155 ||| PLANNING TEMPLE
  2155 | D:4      | 2155 ||| UPGRADING to ring of protection from cold.
  2156 | D:4      | 2156 ||| READING 2 scrolls of identify.
  2156 | D:4      | 2156 ||| IDENTIFYING bubbling orange potion
  2165 | D:4      | 2165 ||| INVOKING Spit Poison.
  2168 | Temple   | Entered the Ecumenical Temple
  2186 | Temple   | 2186 ||| PLANNING OKAWARU WORSHIP
  2303 | Temple   | Became a worshipper of Warmaster Okawaru
  2304 | Temple   | 2304 ||| PLANNING D:1-11
  2367 | D:4      | Found a basalt altar of Yredelemnul.
  2603 | D:4      | Found a burning altar of Makhleb.
  2604 | D:4      | 2604 ||| INVOKING Spit Poison.
  2657 | D:4      | 2657 ||| INVOKING Spit Poison.
  2698 | D:4      | 2698 ||| INVOKING Spit Poison.
  2808 | D:4      | 2808 ||| INVOKING Spit Poison.
  2811 | D:4      | 2811 ||| INVOKING Spit Poison.
  2834 | D:4      | 2834 ||| READING scroll labelled LAAHA UBUTETS.
  2835 | D:4      | 2835 ||| READING scroll labelled EVEUNI GOQAU.
  2836 | D:4      | 2836 ||| READING scroll labelled EDITICW WIGUO.
  2836 | D:4      | Identified a scroll of acquirement
  2836 | D:4      | 2836 ||| ACQUIRING 1057 gold pieces
  2836 | D:4      | Acquired 1057 gold pieces
  2838 | D:4      | 2838 ||| READING scroll labelled YZXAMU YWUKE.
  2839 | D:4      | 2839 ||| DRINKING 2 ruby potions.
  2840 | D:4      | 2840 ||| READING 3 scrolls of identify.
  2840 | D:4      | 2840 ||| IDENTIFYING fuming green potion
  2841 | D:4      | 2841 ||| READING 2 scrolls of identify.
  2841 | D:4      | 2841 ||| IDENTIFYING fuming yellow potion
  2842 | D:4      | 2842 ||| DROPPING potion of brilliance.
  2843 | D:4      | 2843 ||| DROPPING potion of invisibility.
  2846 | D:5      | Entered Level 5 of the Dungeon
  2877 | D:5      | 2877 ||| INVOKING Spit Poison.
  2883 | D:5      | 2883 ||| INVOKING Spit Poison.
  2911 | D:5      | 2911 ||| INVOKING Spit Poison.
  2918 | D:5      | 2918 ||| INVOKING Spit Poison.
  2924 | D:5      | 2924 ||| INVOKING Spit Poison.
  2926 | D:5      | Reached skill level 1 in Armour
  2960 | D:5      | Noticed an ice beast
  2970 | D:5      | Killed an ice beast
  2971 | D:5      | Reached XP level 7. HP: 41/66 MP: 7/7
  3064 | D:5      | 3064 ||| INVOKING Spit Poison.
  3070 | D:5      | 3070 ||| INVOKING Spit Poison.
  3089 | D:5      | 3089 ||| INVOKING Spit Poison.
  3095 | D:5      | 3095 ||| INVOKING Spit Poison.
  3099 | D:5      | 3099 ||| INVOKING Spit Poison.
  3166 | D:5      | Found a blossoming altar of Fedhas.
  3184 | D:5      | Reached skill level 7 in Ranged Weapons
  3364 | D:5      | 3364 ||| INVOKING Spit Poison.
  3370 | D:5      | 3370 ||| INVOKING Spit Poison.
  3372 | D:5      | HP: 12/66 [ogre/+0 giant club (20)]
  3373 | D:5      | 3373 ||| READING scroll of teleportation.
  3373 | D:5      | HP: 4/66 [ogre/+0 giant club (9)]
  3621 | D:5      | 3621 ||| INVOKING Spit Poison.
  3642 | D:5      | Found a runed translucent door.
  3690 | D:5      | 3690 ||| INVOKING Spit Poison.
  3695 | D:5      | Reached * piety under Okawaru
  3866 | D:5      | 3866 ||| INVOKING Spit Poison.
  3922 | D:5      | Noticed qw's ghost (novice NaHu)
  3925 | D:5      | 3925 ||| UPGRADING to +2 leather armour of fire resistance.
  3935 | D:5      | 3935 ||| DROPPING +2 ring mail of fire resistance.
  3936 | D:5      | 3936 ||| DROPPING ring of wizardry.
  3937 | D:5      | 3937 ||| DRINKING 2 lumpy emerald potions.
  4045 | D:5      | 4045 ||| READING 3 scrolls of identify.
  4045 | D:5      | 4045 ||| IDENTIFYING grey potion
  4046 | D:5      | 4046 ||| READING 2 scrolls of identify.
  4046 | D:5      | 4046 ||| IDENTIFYING sedimented brown potion
  4047 | D:5      | 4047 ||| DROPPING potion of attraction.
  4048 | D:5      | 4048 ||| DROPPING potion of berserk rage.
  4049 | D:5      | 4049 ||| DROPPING potion of lignification.
  4102 | D:6      | Found Jifi's Antique Weapon Shoppe.
  4109 | D:6      | 4109 ||| BUYING glowing orcbow (149 gold).
  4109 | D:6      | Bought a glowing orcbow for 149 gold pieces
  4109 | D:6      | 4109 ||| SWAPPING to +1 orcbow of freezing.
  4110 | D:6      | 4110 ||| DROPPING +0 shortbow.
  4138 | D:6      | Found a transporter.
  4138 | D:6      | Noticed qw's ghost (novice NaHu)
  4146 | D:6      | 4146 ||| INVOKING Spit Poison.
  4147 | D:6      | Reached XP level 8. HP: 73/73 MP: 8/8
  4154 | D:6      | 4154 ||| INVOKING Heroism.
  4155 | D:6      | 4155 ||| INVOKING Heroism.
  4177 | D:6      | Found a transporter.
  4186 | D:6      | Found Umepejekh's Distillery.
  4188 | D:6      | 4188 ||| INVOKING Spit Poison.
  4191 | D:6      | 4191 ||| INVOKING Spit Poison.
  4192 | D:6      | 4192 ||| INVOKING Spit Poison.
  4211 | D:6      | 4211 ||| BUYING potion of heal wounds (50 gold).
  4211 | D:6      | Bought a potion of heal wounds for 50 gold pieces
  4211 | D:6      | 4211 ||| BUYING potion of mutation (80 gold).
  4211 | D:6      | Bought a potion of mutation for 80 gold pieces
  4211 | D:6      | 4211 ||| BUYING potion of mutation (80 gold).
  4211 | D:6      | Bought a potion of mutation for 80 gold pieces
  4243 | D:6      | 4243 ||| INVOKING Spit Poison.
  4312 | D:6      | Found Upsicet's Jewellery Emporium.
  4319 | D:6      | 4319 ||| BUYING +5 ring of evasion (360 gold).
  4319 | D:6      | Bought a +5 ring of evasion for 360 gold pieces
  4319 | D:6      | 4319 ||| BUYING amulet of the acrobat (300 gold).
  4319 | D:6      | Bought an amulet of the acrobat for 300 gold pieces
  4319 | D:6      | 4319 ||| SHOPLISTING ring of Monotheism {rF+ rN+ EV+5
                  | Dex+3} (605 gold, have 396).
  4319 | D:6      | 4319 ||| BUYING ring of willpower (250 gold).
  4319 | D:6      | Bought a ring of willpower for 250 gold pieces
  4320 | D:6      | 4320 ||| INVOKING Spit Poison.
  4355 | D:6      | Noticed Eustachio
  4356 | D:6      | 4356 ||| INVOKING Heroism.
  4357 | D:6      | 4357 ||| INVOKING Spit Poison.
  4360 | D:6      | 4360 ||| DRINKING potion of cancellation.
  4365 | D:6      | 4365 ||| INVOKING Spit Poison.
  4366 | D:6      | Killed Eustachio
  4367 | D:6      | Reached skill level 8 in Ranged Weapons
  4381 | D:6      | 4381 ||| INVOKING Spit Poison.
  4389 | D:6      | 4389 ||| INVOKING Spit Poison.
  4396 | D:6      | 4396 ||| INVOKING Spit Poison.
  4401 | D:6      | Reached skill level 1 in Invocations
  4552 | D:6      | Found Gapt's Antique Weapon Emporium.
  4628 | D:6      | Found Neven's Armour Emporium.
  4631 | D:6      | 4631 ||| SHOPLISTING +1 pair of gloves of infusion (231
                  | gold, have 163).
  4655 | D:6      | 4655 ||| INVOKING Spit Poison.
  4658 | D:6      | 4658 ||| INVOKING Spit Poison.
  4668 | D:6      | 4668 ||| INVOKING Heroism.
  4669 | D:6      | 4669 ||| Stepping ~*~*~tactically~*~*~ (outnumbered).
  4670 | D:6      | 4670 ||| INVOKING Spit Poison.
  4675 | D:6      | 4675 ||| INVOKING Spit Poison.
  4681 | D:6      | 4681 ||| INVOKING Spit Poison.
  4762 | D:6      | 4762 ||| INVOKING Spit Poison.
  4764 | D:6      | 4764 ||| INVOKING Heroism.
  4765 | D:6      | 4765 ||| Stepping ~*~*~tactically~*~*~ (outnumbered).
  4769 | D:6      | 4769 ||| INVOKING Spit Poison.
  4774 | D:6      | 4774 ||| INVOKING Spit Poison.
  4776 | D:6      | 4776 ||| INVOKING Heroism.
  4779 | D:6      | 4779 ||| INVOKING Spit Poison.
  5026 | D:6      | Found a shimmering altar of Xom.
  5027 | D:6      | Found a hazy altar of Hepliaklqana.
  5027 | D:6      | Noticed a wraith
  5028 | D:6      | Noticed a spectral ugly thing
  5127 | D:6      | 5127 ||| UPGRADING to amulet of the acrobat.
  5132 | D:6      | 5132 ||| UPGRADING to +5 ring of evasion.
  5134 | D:6      | 5134 ||| DROPPING ring of protection from cold.
  5135 | D:6      | 5135 ||| READING scroll labelled OTZIUTHR TIFF.
  5136 | D:6      | 5136 ||| DRINKING 3 fuming puce potions.
  5137 | D:6      | 5137 ||| DRINKING 3 bubbling cyan potions.
  5138 | D:6      | 5138 ||| DRINKING 5 potions of curing.
  5138 | D:6      | 5138 ||| (to cure confusion)
  5139 | D:6      | 5139 ||| READING 2 scrolls of identify.
  5139 | D:6      | 5139 ||| IDENTIFYING pink potion
  5140 | D:6      | 5140 ||| DROPPING 2 potions of ambrosia.
  5193 | D:7      | 5193 ||| INVOKING Spit Poison.
  5198 | D:7      | 5198 ||| INVOKING Spit Poison.
  5255 | D:7      | 5255 ||| INVOKING Spit Poison.
  5256 | D:7      | Reached skill level 3 in Invocations
  5315 | D:7      | 5315 ||| INVOKING Spit Poison.
  5318 | D:7      | 5318 ||| INVOKING Spit Poison.
  5320 | D:7      | Reached skill level 9 in Ranged Weapons
  5320 | D:7      | Reached XP level 9. HP: 64/81 MP: 11/11
  5324 | D:7      | 5324 ||| INVOKING Spit Poison.
  5351 | D:7      | 5351 ||| INVOKING Spit Poison.
  5354 | D:7      | 5354 ||| INVOKING Spit Poison.
  5358 | D:7      | 5358 ||| INVOKING Spit Poison.
  5365 | D:7      | 5365 ||| INVOKING Spit Poison.
  5413 | D:7      | Noticed a hornet
  5416 | D:7      | 5416 ||| INVOKING Spit Poison.
  5416 | D:7      | Killed a hornet
  5417 | D:7      | Reached skill level 3 in Dodging
  5443 | D:7      | Found a large runed translucent door.
  5443 | D:7      | Found a large runed translucent door.
  5446 | D:7      | Found a large runed translucent door.
  5446 | D:7      | Found a large runed translucent door.
  5448 | D:7      | 5448 ||| INVOKING Spit Poison.
  5452 | D:7      | 5452 ||| INVOKING Spit Poison.
  5464 | D:7      | 5464 ||| INVOKING Spit Poison.
  5469 | D:7      | 5469 ||| INVOKING Spit Poison.
  5472 | D:7      | 5472 ||| INVOKING Spit Poison.
  5475 | D:7      | 5475 ||| INVOKING Heroism.
  5639 | D:7      | 5639 ||| INVOKING Spit Poison.
  5646 | D:7      | 5646 ||| INVOKING Spit Poison.
  5649 | D:7      | Reached skill level 6 in Fighting
  5706 | D:7      | 5706 ||| INVOKING Heroism.
  5707 | D:7      | 5707 ||| INVOKING Spit Poison.
  5714 | D:7      | 5714 ||| INVOKING Spit Poison.
  5758 | D:7      | Identified the staff of the Forsaken Stars {rF+ rCorr Str+2
                  | Int+2 Fire}
  5814 | D:7      | 5814 ||| INVOKING Heroism.
  5815 | D:7      | 5815 ||| INVOKING Spit Poison.
  5824 | D:7      | 5824 ||| INVOKING Spit Poison.
  5831 | D:7      | Noticed a two-headed ogre
  5832 | D:7      | 5832 ||| INVOKING Spit Poison.
  5839 | D:7      | Killed a two-headed ogre
  5839 | D:7      | Reached ** piety under Okawaru
  5840 | D:7      | Reached skill level 10 in Ranged Weapons
  5878 | D:7      | 5878 ||| INVOKING Spit Poison.
  5882 | D:7      | 5882 ||| INVOKING Spit Poison.
  5883 | D:7      | Reached XP level 10. HP: 86/91 MP: 13/13
  5886 | D:7      | 5886 ||| INVOKING Spit Poison.
  5958 | D:7      | 5958 ||| INVOKING Heroism.
  5959 | D:7      | 5959 ||| INVOKING Spit Poison.
  5965 | D:7      | 5965 ||| INVOKING Spit Poison.
  5969 | D:7      | 5969 ||| INVOKING Spit Poison.
  5977 | D:7      | 5977 ||| INVOKING Spit Poison.
  6015 | D:7      | Noticed a cyclops
  6018 | D:7      | 6018 ||| INVOKING Heroism.
  6020 | D:7      | 6020 ||| INVOKING Spit Poison.
  6022 | D:7      | 6022 ||| Stepping ~*~*~tactically~*~*~ (outnumbered).
  6031 | D:7      | Killed a cyclops
  6032 | D:7      | Reached skill level 11 in Ranged Weapons
  6033 | D:7      | 6033 ||| INVOKING Spit Poison.
  6041 | D:7      | 6041 ||| INVOKING Spit Poison.
  6113 | D:7      | 6113 ||| INVOKING Spit Poison.
  6129 | D:7      | Identified the +2 scale mail "Pucuneu" {rC- Will+ SInv
                  | Stlth+}
  6130 | D:7      | 6130 ||| INVOKING Spit Poison.
  6170 | D:7      | Noticed a deep elf pyromancer
  6174 | D:7      | 6174 ||| INVOKING Heroism.
  6175 | D:7      | 6175 ||| INVOKING Spit Poison.
  6182 | D:7      | Killed a deep elf pyromancer
  6182 | D:7      | Reached *** piety under Okawaru
  6242 | D:7      | 6242 ||| INVOKING Heroism.
  6243 | D:7      | 6243 ||| INVOKING Spit Poison.
  6258 | D:7      | 6258 ||| INVOKING Spit Poison.
  6284 | D:7      | 6284 ||| INVOKING Heroism.
  6338 | D:7      | 6338 ||| INVOKING Spit Poison.
  6339 | D:7      | Paralysed by a hornet for 1 turns
  6342 | D:7      | 6342 ||| INVOKING Spit Poison.
  6345 | D:7      | 6345 ||| INVOKING Heroism.
  6350 | D:7      | 6350 ||| INVOKING Spit Poison.
  6506 | D:7      | 6506 ||| INVOKING Spit Poison.
  6562 | D:7      | Noticed a purple ugly thing
  6565 | D:7      | 6565 ||| INVOKING Spit Poison.
  6570 | D:7      | 6570 ||| INVOKING Spit Poison.
  6573 | D:7      | 6573 ||| INVOKING Spit Poison.
  6574 | D:7      | 6574 ||| INVOKING Heroism.
  6575 | D:7      | Killed a purple ugly thing
  6581 | D:7      | 6581 ||| INVOKING Spit Poison.
  6714 | D:7      | 6714 ||| INVOKING Spit Poison.
  6719 | D:7      | 6719 ||| INVOKING Spit Poison.
  6844 | D:7      | 6844 ||| INVOKING Spit Poison.
  6850 | D:7      | 6850 ||| INVOKING Spit Poison.
  6995 | D:7      | 6995 ||| UPGRADING to amulet of faith.
  7356 | D:8      | Found a sparkling altar of Nemelex Xobeh.
  7357 | D:8      | Found an ancient bone altar of Kikubaaqudgha.
  7359 | D:8      | Found an ornate altar of the Wu Jian Council.
  7359 | D:8      | Found a radiant altar of Vehumet.
  7361 | D:8      | Found a stormy altar of Qazlal.
  7362 | D:8      | Found a white marble altar of Elyvilon.
  7371 | D:8      | Found a shimmering blue altar of Sif Muna.
  7446 | D:8      | Found a shadowy altar of Dithmenos.
  7452 | D:8      | 7452 ||| INVOKING Spit Poison.
  7454 | D:8      | 7454 ||| Stepping ~*~*~tactically~*~*~ (outnumbered).
  7455 | D:8      | 7455 ||| INVOKING Spit Poison.
  7459 | D:8      | 7459 ||| INVOKING Spit Poison.
  7465 | D:8      | 7465 ||| INVOKING Spit Poison.
  7470 | D:8      | 7470 ||| INVOKING Spit Poison.
  7660 | D:8      | 7660 ||| DROPPING ring of magical power.
  7661 | D:8      | 7661 ||| READING scroll labelled KYOFRY WEIWKE.
  7662 | D:8      | 7662 ||| READING scroll labelled OCAOM GIPA.
  7663 | D:8      | 7663 ||| READING scroll labelled LEFEULI TASE.
  7701 | D:9      | 7701 ||| INVOKING Spit Poison.
  7705 | D:9      | Reached XP level 11. HP: 104/104 MP: 14/14
  7851 | D:9      | Noticed a two-headed ogre
  7852 | D:9      | 7852 ||| INVOKING Heroism.
  7855 | D:9      | 7855 ||| INVOKING Spit Poison.
  7859 | D:9      | Killed a two-headed ogre
  7860 | D:9      | Reached skill level 12 in Ranged Weapons
  7872 | D:9      | 7872 ||| INVOKING Spit Poison.
  7875 | D:9      | Reached **** piety under Okawaru
  7879 | D:9      | 7879 ||| INVOKING Spit Poison.
  7883 | D:9      | Noticed a sun demon
  7883 | D:9      | 7883 ||| Stepping ~*~*~tactically~*~*~ (outnumbered).
  7885 | D:9      | 7885 ||| INVOKING Spit Poison.
  7944 | D:9      | 7944 ||| INVOKING Heroism.
  7945 | D:9      | 7945 ||| INVOKING Spit Poison.
  7949 | D:9      | 7949 ||| INVOKING Spit Poison.
  8048 | D:9      | Found a flagged portal.
  8292 | D:9      | Noticed Erolcha
  8293 | D:9      | 8293 ||| INVOKING Heroism.
  8294 | D:9      | 8294 ||| INVOKING Spit Poison.
  8299 | D:9      | Killed Erolcha
  8665 | D:9      | 8665 ||| Stepping randomly (stuck).
  8701 | D:9      | 8701 ||| INVOKING Spit Poison.
  8708 | D:9      | 8708 ||| STAIRDANCE
  8710 | D:8      | 8710 ||| INVOKING Spit Poison.
  8715 | D:8      | 8715 ||| INVOKING Heroism.
  8717 | D:8      | 8717 ||| INVOKING Spit Poison.
  8723 | D:8      | Reached skill level 13 in Ranged Weapons
  8832 | D:9      | 8832 ||| INVOKING Spit Poison.
  8835 | D:9      | 8835 ||| STAIRDANCE
  8837 | D:8      | 8837 ||| INVOKING Spit Poison.
  8945 | D:9      | 8945 ||| INVOKING Heroism.
  8946 | D:9      | 8946 ||| Stepping ~*~*~tactically~*~*~ (outnumbered).
  8947 | D:9      | 8947 ||| INVOKING Spit Poison.
  8980 | D:9      | 8980 ||| INVOKING Spit Poison.
  8988 | D:9      | 8988 ||| INVOKING Spit Poison.
  8995 | D:9      | 8995 ||| INVOKING Spit Poison.
  8999 | D:9      | 8999 ||| INVOKING Heroism.
  9000 | D:9      | 9000 ||| INVOKING Spit Poison.
  9182 | D:9      | Found a runed translucent gate.
  9182 | D:9      | Found a runed translucent gate.
  9182 | D:9      | Found a runed translucent gate.
  9184 | D:9      | Noticed qw's ghost (novice NaHu)
  9184 | D:9      | Noticed qw's ghost (novice NaHu)
  9184 | D:9      | Noticed qw's ghost (novice MiHu)
  9409 | D:9      | 9409 ||| Stepping randomly (stuck).
  9436 | D:10     | Entered Level 10 of the Dungeon
  9473 | D:10     | 9473 ||| INVOKING Heroism.
  9474 | D:10     | 9474 ||| INVOKING Spit Poison.
  9478 | D:10     | Reached skill level 9 in Fighting
  9478 | D:10     | 9478 ||| INVOKING Spit Poison.
  9541 | D:10     | 9541 ||| INVOKING Spit Poison.
  9622 | D:10     | 9622 ||| INVOKING Spit Poison.
  9628 | D:10     | 9628 ||| INVOKING Spit Poison.
  9633 | D:10     | 9633 ||| INVOKING Spit Poison.
  9663 | D:10     | 9663 ||| DROPPING amulet of guardian spirit.
  9666 | D:10     | You fall into a shaft and drop 2 floors!
  9683 | D:12     | 9683 ||| INVOKING Heroism.
  9690 | D:12     | Noticed a cyclops
  9696 | D:12     | 9696 ||| INVOKING Spit Poison.
  9699 | D:12     | Killed a cyclops
  9700 | D:12     | Reached skill level 6 in Invocations
  9765 | D:12     | Noticed Nergalle
  9766 | D:12     | 9766 ||| INVOKING Heroism.
  9768 | D:12     | 9768 ||| INVOKING Spit Poison.
  9774 | D:12     | 9774 ||| INVOKING Spit Poison.
  9778 | D:12     | 9778 ||| INVOKING Spit Poison.
  9778 | D:12     | Killed Nergalle
  9785 | D:12     | 9785 ||| INVOKING Spit Poison.
  9824 | D:10     | 9824 ||| DROPPING amulet of the acrobat.
  9934 | D:10     | 9934 ||| INVOKING Spit Poison.
  9940 | D:10     | 9940 ||| INVOKING Spit Poison.
 10025 | D:10     | 10025 ||| INVOKING Spit Poison.
 10032 | D:10     | 10032 ||| INVOKING Spit Poison.
 10039 | D:10     | 10039 ||| INVOKING Spit Poison.
 10042 | D:10     | Reached ***** piety under Okawaru
 10153 | D:10     | 10153 ||| INVOKING Spit Poison.
 10157 | D:10     | 10157 ||| INVOKING Spit Poison.
 10182 | D:10     | Found a glowing golden altar of the Shining One.
 10448 | D:11     | Reached XP level 12. HP: 110/114 MP: 17/17
 10505 | D:11     | Found a staircase to the Lair.
 10622 | D:11     | Noticed Snorg
 10623 | D:11     | 10623 ||| INVOKING Heroism.
 10624 | D:11     | 10624 ||| INVOKING Finesse.
 10640 | D:11     | Killed Snorg
 10903 | D:11     | Found a runed translucent door.
 10928 | D:11     | Found a basalt altar of Yredelemnul.
 10945 | D:11     | Found a shadowy altar of Dithmenos.
 10955 | D:11     | 10955 ||| Stepping ~*~*~tactically~*~*~ (outnumbered).
 10970 | D:11     | Found a burning altar of Makhleb.
 10970 | D:11     | Noticed Gastronok
 10971 | D:11     | 10971 ||| INVOKING Heroism.
 10977 | D:11     | 10977 ||| Stepping ~*~*~tactically~*~*~ (outnumbered).
 10987 | D:11     | 10987 ||| Stepping ~*~*~tactically~*~*~ (outnumbered).
 11027 | D:11     | 11027 ||| INVOKING Heroism.
 11029 | D:11     | Reached skill level 14 in Ranged Weapons
 11032 | D:11     | Killed Gastronok
 11033 | D:11     | Reached skill level 9 in Invocations
 11093 | D:11     | Found a shimmering blue altar of Sif Muna.
 11187 | D:11     | Found a stormy altar of Qazlal.
 11223 | D:11     | Found a hide-covered altar of Uskayaw.
 11311 | D:11     | Received a gift from Okawaru
 11490 | D:11     | Identified the +6 hand axe of Charity {heavy, rC- Str+2
                  | Dex+7}
 11514 | D:11     | Found Busiasa's Serpentskin Sales.
 11603 | D:11     | 11603 ||| UPGRADING to +2 hat of stealth.
 11608 | D:11     | 11608 ||| PLANNING LAIR
 11666 | Lair:1   | Entered Level 1 of the Lair of Beasts
 11672 | Lair:1   | 11672 ||| DRINKING potion of cancellation.
 11725 | Lair:1   | 11725 ||| INVOKING Heroism.
 11846 | Lair:1   | 11846 ||| INVOKING Heroism.
 11982 | Lair:1   | Noticed an eight-headed hydra
 11983 | Lair:1   | 11983 ||| INVOKING Heroism.
 11989 | Lair:1   | Killed an eight-headed hydra
 11990 | Lair:1   | Gained mutation: You can use your snake-like lower body to
                  | constrict enemies. [Naga growth]
 11990 | Lair:1   | Reached XP level 13. HP: 123/123 MP: 17/20
 12027 | Lair:1   | Reached skill level 15 in Ranged Weapons
 12034 | Lair:1   | 12034 ||| INVOKING Heroism.
 12215 | Lair:1   | 12215 ||| INVOKING Heroism.
 12284 | Lair:1   | 12284 ||| INVOKING Heroism.
 12757 | Lair:2   | 12757 ||| INVOKING Heroism.
 12766 | Lair:2   | Identified the +9 arbalest of Watchfulness {speed, rC++
                  | rN+} (Okawaru gifted it to you on level 2 of the Lair of
                  | Beasts)
 12766 | Lair:2   | Received a gift from Okawaru
 12767 | Lair:2   | Reached skill level 6 in Dodging
 12857 | Lair:2   | 12857 ||| SWAPPING to +9 arbalest of Watchfulness {speed,
                  | rC++ rN+}.
 12858 | Lair:2   | 12858 ||| DROPPING +1 orcbow of draining.
 13215 | Lair:2   | 13215 ||| INVOKING Heroism.
 13416 | Lair:2   | Found a staircase to the Snake Pit.
 13418 | Lair:2   | 13418 ||| Stepping ~*~*~tactically~*~*~ (outnumbered).
 13425 | Lair:2   | 13425 ||| FLEEEEING.
 13532 | Lair:2   | 13532 ||| FLEEEEING.
 13533 | Lair:2   | 13533 ||| FLEEEEING.
 13534 | Lair:2   | 13534 ||| FLEEEEING.
 13535 | Lair:2   | 13535 ||| FLEEEEING.
 13536 | Lair:2   | 13536 ||| FLEEEEING.
 13537 | Lair:2   | 13537 ||| FLEEEEING.
 13581 | Lair:2   | 13581 ||| FLEEEEING.
 13796 | Lair:2   | 13796 ||| UPGRADING to ring of willpower.
 13798 | Lair:2   | 13798 ||| READING scroll labelled WEENKESKITIN.
 13799 | Lair:2   | 13799 ||| READING scroll labelled IGUTOLE MEISH.
 14038 | Lair:3   | 14038 ||| INVOKING Heroism.
 14051 | Lair:3   | Received a gift from Okawaru
 14171 | Lair:3   | Found a staircase to the Swamp.
 14214 | Lair:3   | 14214 ||| INVOKING Heroism.
 14215 | Lair:3   | 14215 ||| INVOKING Finesse.
 14219 | Lair:3   | Reached skill level 16 in Ranged Weapons
 14510 | Lair:3   | You fall into a shaft and drop 1 floor!
 14511 | Lair:4   | 14511 ||| INVOKING Heroism.
 15059 | Lair:4   | Noticed Urug
 15060 | Lair:4   | 15060 ||| INVOKING Heroism.
 15062 | Lair:4   | 15062 ||| INVOKING Finesse.
 15152 | Lair:4   | 15152 ||| INVOKING Heroism.
 15153 | Lair:4   | 15153 ||| INVOKING Finesse.
 15163 | Lair:4   | Killed Urug
 15287 | Lair:4   | 15287 ||| INVOKING Heroism.
 15411 | Lair:4   | 15411 ||| INVOKING Heroism.
 15444 | Lair:4   | 15444 ||| INVOKING Heroism.
 15447 | Lair:4   | Reached XP level 14. HP: 135/135 MP: 18/21
 15469 | Lair:4   | Received a gift from Okawaru
 15513 | Lair:4   | 15513 ||| INVOKING Heroism.
 15519 | Lair:4   | 15519 ||| Stepping ~*~*~tactically~*~*~ (cloud).
 15645 | Lair:4   | 15645 ||| INVOKING Heroism.
 16138 | Lair:5   | Entered Level 5 of the Lair of Beasts
 16139 | Lair:5   | 16139 ||| PLANNING GAUNTLET
 16149 | Lair:5   | 16149 ||| STAIRDANCE
 16153 | Lair:4   | 16153 ||| INVOKING Heroism.
 16273 | Lair:5   | Found a staircase to the Slime Pits.
 16274 | Lair:5   | Found a viscous altar of Jiyva.
 16289 | Lair:5   | 16289 ||| INVOKING Heroism.
 16294 | Lair:5   | Reached skill level 17 in Ranged Weapons
 16562 | Lair:5   | 16562 ||| RIP GAUNTLET
 16619 | Lair:5   | 16619 ||| PLANNING LAIR
 16633 | Lair:5   | 16633 ||| INVOKING Heroism.
 16838 | Lair:5   | 16838 ||| INVOKING Heroism.
 16929 | Lair:5   | Noticed Josephine
 16938 | Lair:5   | Killed Josephine
 16982 | Lair:5   | 16982 ||| INVOKING Heroism.
 17000 | Lair:5   | Reached skill level 18 in Ranged Weapons
 17013 | Lair:5   | HP: 33/135 [poisoned by a meliai]
 17016 | Lair:5   | 17016 ||| DRINKING 2 potions of heal wounds.
 17422 | Lair:5   | 17422 ||| INVOKING Heroism.
 17434 | Lair:5   | Found a runed translucent door.
 17456 | Lair:5   | 17456 ||| INVOKING Heroism.
 17516 | Lair:5   | 17516 ||| INVOKING Heroism.
 17775 | Lair:5   | 17775 ||| INVOKING Heroism.
 17789 | Lair:5   | Reached skill level 12 in Fighting
 17952 | Lair:5   | 17952 ||| PLANNING D
 17952 | Lair:5   | 17952 ||| DROPPING amulet of magic regeneration.
 17953 | Lair:5   | 17953 ||| READING 11 scrolls of identify.
 17953 | Lair:5   | 17953 ||| IDENTIFYING clear potion
 17954 | Lair:5   | 17954 ||| DROPPING potion of degeneration.
 18155 | D:12     | 18155 ||| Stepping ~*~*~tactically~*~*~ (outnumbered).
 18160 | D:12     | Noticed Azrael
 18161 | D:12     | 18161 ||| INVOKING Heroism.
 18162 | D:12     | 18162 ||| INVOKING Finesse.
 18163 | D:12     | 18163 ||| Stepping ~*~*~tactically~*~*~ (outnumbered).
 18172 | D:12     | Killed Azrael
 18289 | D:12     | 18289 ||| INVOKING Heroism.
 18290 | D:12     | 18290 ||| INVOKING Finesse.
 18299 | D:12     | Reached XP level 15. HP: 144/144 MP: 14/22
 18344 | D:12     | Found a staircase to the Orcish Mines.
 18375 | D:12     | Received a gift from Okawaru
 18408 | D:12     | Found a runed translucent gate.
 18412 | D:12     | Noticed corvin's ghost (journeyman DgWn)
 18413 | D:12     | Found a runed translucent gate.
 18413 | D:12     | Found a runed translucent gate.
 18689 | D:12     | Found an iron altar of Okawaru.
 18693 | D:12     | 18693 ||| DROPPING scarf of shadows.
 18694 | D:12     | 18694 ||| READING scroll labelled QIH MOENEPU.
 18782 | D:13     | 18782 ||| Stepping ~*~*~tactically~*~*~ (outnumbered).
 19047 | D:13     | 19047 ||| FLEEEEING.
 19450 | D:13     | Found a runed translucent gate.
 19452 | D:13     | Found an ancient bone altar of Kikubaaqudgha.
 19452 | D:13     | Noticed a lich
 19453 | D:13     | Found a runed translucent gate.
 19453 | D:13     | Noticed a lich
 19453 | D:13     | Noticed a lich
 19453 | D:13     | Noticed Kokhlaf's ghost (journeyman DECj)
 19453 | D:13     | Noticed a lich
 19455 | D:13     | Found a runed translucent gate.
 19562 | D:13     | Found a gate to the Vaults.
 19684 | D:13     | 19684 ||| READING scroll labelled HUCKE CEUST.
 19930 | D:14     | Noticed a tengu reaver
 19931 | D:14     | 19931 ||| INVOKING Heroism.
 19934 | D:14     | 19934 ||| Stepping ~*~*~tactically~*~*~ (outnumbered).
 19938 | D:14     | Received a gift from Okawaru
 19947 | D:14     | Killed a tengu reaver
 19969 | D:14     | 19969 ||| INVOKING Heroism.
 19982 | D:14     | HP: 35/147 [mirror damage (3)]
 19983 | D:14     | 19983 ||| READING 4 scrolls of teleportation.
 19984 | D:14     | 19984 ||| DRINKING potion of heal wounds.
 20460 | D:14     | 20460 ||| DROPPING +2 longbow of freezing.
 20611 | D:14     | 20611 ||| UPGRADING to +0 troll leather armour.
 20637 | D:15     | Entered Level 15 of the Dungeon
 20681 | D:15     | 20681 ||| FLEEEEING.
 20682 | D:15     | 20682 ||| INVOKING Heroism.
 20700 | D:15     | 20700 ||| INVOKING Heroism.
 20755 | D:15     | Found a bloodstained altar of Trog.
 20793 | D:15     | Reached skill level 9 in Dodging
 20849 | D:15     | 20849 ||| Stepping ~*~*~tactically~*~*~ (outnumbered).
 20852 | D:15     | 20852 ||| Stepping ~*~*~tactically~*~*~ (outnumbered).
 20853 | D:15     | 20853 ||| Stepping ~*~*~tactically~*~*~ (outnumbered).
 20960 | D:15     | 20960 ||| INVOKING Heroism.
 20977 | D:15     | HP: 34/148 [orc knight/+0 bardiche (26)]
 20978 | D:15     | 20978 ||| READING 6 scrolls of teleportation.
 20986 | D:15     | 20986 ||| READING 5 scrolls of teleportation.
 20989 | D:15     | HP: 20/148 [stone giant (17)]
 21115 | D:15     | Found a staircase to the Depths.
 21165 | D:15     | Noticed Louise
 21166 | D:15     | 21166 ||| INVOKING Heroism.
 21167 | D:15     | 21167 ||| INVOKING Finesse.
 21177 | D:15     | Killed Louise
 21252 | D:15     | Identified the +0 barding of Minor Irritation {rPois}
                  | (Okawaru gifted it to you on level 15 of the Dungeon)
 21252 | D:15     | Received a gift from Okawaru
 21324 | D:15     | 21324 ||| INVOKING Heroism.
 21503 | D:15     | 21503 ||| PLANNING ORC
 21503 | D:15     | 21503 ||| UPGRADING to +0 barding of Minor Irritation
                  | {rPois}.
 21566 | Orc:1    | Entered Level 1 of the Orcish Mines
 21583 | Orc:1    | 21583 ||| INVOKING Heroism.
 21731 | Orc:2    | Entered Level 2 of the Orcish Mines
 21974 | Orc:2    | Reached skill level 3 in Armour
 21980 | Orc:2    | Noticed an orc warlord
 21981 | Orc:2    | 21981 ||| INVOKING Heroism.
 21982 | Orc:2    | 21982 ||| INVOKING Finesse.
 21997 | Orc:2    | Killed an orc warlord
 22066 | Orc:1    | 22066 ||| INVOKING Heroism.
 22154 | Orc:1    | Found Soskesaf's Armour Shop.
 22158 | Orc:1    | 22158 ||| BUYING +2 helmet of see invisible (365 gold).
 22158 | Orc:1    | Bought a +2 helmet of see invisible for 365 gold pieces
 22180 | Orc:1    | 22180 ||| UPGRADING to +2 helmet of see invisible.
 22190 | Orc:1    | 22190 ||| DROPPING +2 hat of stealth.
 22199 | Orc:2    | Found a staircase to the Elven Halls.
 22241 | Orc:2    | 22241 ||| Stepping ~*~*~tactically~*~*~ (outnumbered).
 22336 | Orc:2    | 22336 ||| Stepping ~*~*~tactically~*~*~ (outnumbered).
 22343 | Orc:2    | 22343 ||| INVOKING Heroism.
 22376 | Orc:2    | Noticed an orc warlord
 22386 | Orc:2    | Killed an orc warlord
 22396 | Orc:2    | 22396 ||| Stepping ~*~*~tactically~*~*~ (outnumbered).
 22398 | Orc:2    | 22398 ||| INVOKING Heroism.
 22451 | Orc:2    | Found Yffuh's Antique Armour Shoppe.
 22459 | Orc:2    | 22459 ||| BUYING runed cloak (247 gold).
 22459 | Orc:2    | Bought a runed cloak for 247 gold pieces
 22459 | Orc:2    | 22459 ||| BUYING runed leather armour (165 gold).
 22459 | Orc:2    | Bought a runed leather armour for 165 gold pieces
 22459 | Orc:2    | 22459 ||| BUYING slimy cloak (313 gold).
 22459 | Orc:2    | Bought a slimy cloak for 313 gold pieces
 22459 | Orc:2    | Identified the +1 cloak "Quoth" {Rampage +Blink rF- rN++}
                  | (You bought it in a shop on level 2 of the Orcish Mines)
 22471 | Orc:2    | Found Dithups's Jewellery Shoppe.
 22480 | Orc:2    | 22480 ||| BUYING +6 ring of dexterity (432 gold).
 22480 | Orc:2    | Bought a +6 ring of dexterity for 432 gold pieces
 22480 | Orc:2    | 22480 ||| SHOPLISTING +6 ring of dexterity (432 gold, have
                  | 313).
 22480 | Orc:2    | 22480 ||| SHOPLISTING ring of Ogysch {rF++ Str+6 Int-3
                  | Slay+3} (801 gold, have 313).
 22480 | Orc:2    | 22480 ||| BUYING ring of fire (300 gold).
 22480 | Orc:2    | Bought a ring of fire for 300 gold pieces
 22529 | Orc:2    | 22529 ||| Stepping ~*~*~tactically~*~*~ (outnumbered).
 22531 | Orc:2    | 22531 ||| Stepping ~*~*~tactically~*~*~ (outnumbered).
 22537 | Orc:2    | 22537 ||| Stepping ~*~*~tactically~*~*~ (outnumbered).
 22784 | Orc:2    | Found Xuemyr's General Store.
 22798 | Orc:2    | Found Jiruty's Antique Weapon Shoppe.
 22845 | Orc:2    | 22845 ||| PLANNING SWAMP:1-3
 22845 | Orc:2    | 22845 ||| DROPPING +2 leather armour of fire resistance.
 22846 | Orc:2    | 22846 ||| UPGRADING to +2 cloak of poison resistance.
 22851 | Orc:2    | 22851 ||| UPGRADING to +3 leather armour of fire
                  | resistance.
 22861 | Orc:2    | 22861 ||| DROPPING +1 cloak "Quoth" {Rampage +Blink rF-
                  | rN++}.
 22862 | Orc:2    | 22862 ||| DROPPING ring of protection from cold.
 22863 | Orc:2    | 22863 ||| DROPPING ring of resist corrosion.
 22864 | Orc:2    | 22864 ||| UPGRADING to +6 ring of dexterity.
 22866 | Orc:2    | 22866 ||| DROPPING ring of willpower.
 22982 | Swamp:1  | Entered Level 1 of the Swamp
 22995 | Swamp:1  | 22995 ||| INVOKING Heroism.
 22998 | Swamp:1  | Reached XP level 16. HP: 155/158 MP: 20/23
 23117 | Swamp:1  | Found a runed translucent door.
 23117 | Swamp:1  | Found a shimmering altar of Xom.
 23117 | Swamp:1  | Noticed qw's ghost (journeyman GrFi)
 23130 | Swamp:1  | Identified the +5 kite shield "Gimpoari" {rElec rPois rN++
                  | Stlth-}
 23130 | Swamp:1  | Noticed Donald
 23131 | Swamp:1  | 23131 ||| INVOKING Heroism.
 23144 | Swamp:1  | Killed Donald
 23202 | Swamp:1  | Noticed a thorn hunter
 23203 | Swamp:1  | 23203 ||| INVOKING Heroism.
 23208 | Swamp:1  | Killed a thorn hunter
 23370 | Swamp:1  | 23370 ||| INVOKING Heroism.
 23395 | Swamp:1  | Reached skill level 6 in Armour
 23918 | Swamp:1  | 23918 ||| Stepping randomly (stuck).
 23927 | Swamp:2  | Noticed a tentacled monstrosity
 23928 | Swamp:2  | 23928 ||| INVOKING Heroism.
 23934 | Swamp:2  | Killed a tentacled monstrosity
 24036 | Swamp:2  | Identified the +7 flail "Bokab" {freeze, rF+ Int+2}
 24039 | Swamp:2  | 24039 ||| INVOKING Heroism.
 24429 | Swamp:3  | 24429 ||| INVOKING Heroism.
 24637 | Swamp:3  | 24637 ||| INVOKING Heroism.
 24818 | Swamp:3  | 24818 ||| Stepping ~*~*~tactically~*~*~ (cloud).
 24921 | Swamp:3  | 24921 ||| Stepping ~*~*~tactically~*~*~ (outnumbered).
 24922 | Swamp:3  | 24922 ||| Stepping ~*~*~tactically~*~*~ (outnumbered).
 24935 | Swamp:3  | Received a gift from Okawaru
 25008 | Swamp:3  | 25008 ||| DROPPING +1 longbow of electrocution.
 25210 | Swamp:3  | 25210 ||| PLANNING SNAKE:1-3
 25312 | Snake:1  | Entered Level 1 of the Snake Pit
 25341 | Snake:1  | 25341 ||| INVOKING Heroism.
 25375 | Snake:1  | 25375 ||| INVOKING Heroism.
 25541 | Snake:1  | Found a runed translucent door.
 25541 | Snake:1  | Noticed vinnietd's ghost (adept HaFi)
 25608 | Snake:1  | Identified the +1 ring mail of Surprise {Regen+}
 25655 | Snake:1  | 25655 ||| INVOKING Heroism.
 25659 | Snake:1  | Reached skill level 15 in Fighting
 25689 | Snake:1  | 25689 ||| FLEEEEING.
 25690 | Snake:1  | 25690 ||| FLEEEEING.
 25694 | Snake:1  | 25694 ||| FLEEEEING.
 25695 | Snake:1  | 25695 ||| FLEEEEING.
 25696 | Snake:1  | 25696 ||| FLEEEEING.
 25697 | Snake:1  | 25697 ||| FLEEEEING.
 25698 | Snake:1  | 25698 ||| FLEEEEING.
 25699 | Snake:1  | 25699 ||| FLEEEEING.
 25700 | Snake:1  | 25700 ||| FLEEEEING.
 25705 | Snake:1  | 25705 ||| STAIRDANCE
 25775 | Lair:2   | 25775 ||| DROPPING +1 ring mail of Surprise {Regen+}.
 25790 | Snake:1  | 25790 ||| INVOKING Heroism.
 25911 | Snake:1  | Found Duqorook's Jewellery Boutique.
 25914 | Snake:1  | Found Onuqut's Weapon Boutique.
 25914 | Snake:1  | Found Reoxti Jyps's Armour Shop.
 25919 | Snake:1  | 25919 ||| BUYING amulet of reflection (390 gold).
 25919 | Snake:1  | Bought an amulet of reflection for 390 gold pieces
 25919 | Snake:1  | 25919 ||| SHOPLISTING ring of protection from fire (325
                  | gold, have 189).
 25919 | Snake:1  | 25919 ||| SHOPLISTING ring of the Octopus King {rN+ HP+2
                  | AC+2 EV+2 SH+2} (733 gold, have 189).
 25919 | Snake:1  | Found Nusireot's General Store.
 25927 | Snake:1  | 25927 ||| BUYING potion of might (68 gold).
 25927 | Snake:1  | Bought a potion of might for 68 gold pieces
 25927 | Snake:1  | 25927 ||| SHOPLISTING scroll of enchant armour (127 gold,
                  | have 121).
 25927 | Snake:1  | 25927 ||| SHOPLISTING wand of digging (7) (499 gold, have
                  | 121).
 25930 | Snake:1  | 25930 ||| SHOPLISTING +4 moon troll leather armour {Spirit,
                  | Regen++ MP+5} (981 gold, have 121).
 26020 | Snake:1  | 26020 ||| DROPPING amulet of regeneration.
 26045 | Snake:2  | 26045 ||| INVOKING Heroism.
 26046 | Snake:2  | 26046 ||| Stepping ~*~*~tactically~*~*~ (outnumbered).
 26078 | Snake:2  | 26078 ||| INVOKING Heroism.
 26088 | Snake:2  | HP: 25/163 [salamander/+4 trident of venom (17)]
 26089 | Snake:2  | 26089 ||| READING 8 scrolls of teleportation.
 26090 | Snake:2  | 26090 ||| DRINKING 3 potions of heal wounds.
 26091 | Snake:2  | 26091 ||| DRINKING 2 potions of heal wounds.
 26092 | Snake:2  | 26092 ||| DRINKING potion of heal wounds.
 26093 | Snake:2  | 26093 ||| READING 7 scrolls of teleportation.
 26093 | Snake:2  | HP: 36/163 [poisoned by a salamander]
 26098 | Snake:2  | HP: 32/163 [poisoned by a salamander]
 26455 | Snake:2  | Received a gift from Okawaru
 26456 | Snake:2  | Reached XP level 17. HP: 166/170 MP: 24/24
 26621 | Snake:2  | Reached skill level 12 in Dodging
 26722 | Snake:2  | 26722 ||| Stepping ~*~*~tactically~*~*~ (outnumbered).
 26724 | Snake:2  | 26724 ||| Stepping ~*~*~tactically~*~*~ (outnumbered).
 26783 | Snake:2  | 26783 ||| INVOKING Heroism.
 26905 | Snake:2  | Found Gezugh's Book Emporium.
 26953 | Snake:2  | 26953 ||| INVOKING Heroism.
 27066 | Snake:2  | 27066 ||| INVOKING Heroism.
 27112 | Snake:2  | 27112 ||| INVOKING Heroism.
 27149 | Snake:2  | 27149 ||| Stepping ~*~*~tactically~*~*~ (outnumbered).
 27447 | Snake:2  | Identified the +1 ring mail "Boizxul" {rElec Will- Int+3}
 27618 | Snake:2  | 27618 ||| DROPPING +1 ring mail "Boizxul" {rElec Will-
                  | Int+3}.
 27669 | Snake:3  | Noticed Vashnia
 27673 | Snake:3  | 27673 ||| FLEEEEING.
 27674 | Snake:3  | 27674 ||| FLEEEEING.
 27675 | Snake:3  | 27675 ||| STAIRDANCE
 27826 | Snake:3  | 27826 ||| Stepping ~*~*~tactically~*~*~ (outnumbered).
 27837 | Snake:3  | 27837 ||| INVOKING Heroism.
 27838 | Snake:3  | 27838 ||| Stepping ~*~*~tactically~*~*~ (outnumbered).
 27846 | Snake:3  | Killed Vashnia
 27849 | Snake:3  | HP: 24/172 [naga sharpshooter/arrow[Vashnia] (28)]
 27850 | Snake:3  | 27850 ||| READING 6 scrolls of teleportation.
 27854 | Snake:3  | HP: 21/172 [poisoned by a naga sharpshooter (splash of
                  | poison)]
 27858 | Snake:3  | 27858 ||| READING 5 scrolls of teleportation.
 27862 | Snake:3  | 27862 ||| READING 4 scrolls of teleportation.
 27864 | Snake:3  | HP: 14/172 [shock serpent/bolt of electricity (9)]
 27866 | Snake:3  | 27866 ||| READING 3 scrolls of teleportation.
 27873 | Snake:3  | 27873 ||| READING 2 scrolls of teleportation.
 27874 | Snake:3  | HP: 11/172 [something (6)]
 28184 | Snake:3  | 28184 ||| INVOKING Heroism.
 28303 | Snake:3  | 28303 ||| INVOKING Heroism.
 28304 | Snake:3  | 28304 ||| Stepping ~*~*~tactically~*~*~ (outnumbered).
 28320 | Snake:3  | 28320 ||| FLEEEEING.
 28323 | Snake:3  | 28323 ||| FLEEEEING.
 28324 | Snake:3  | 28324 ||| INVOKING Heroism.
 28332 | Snake:3  | 28332 ||| Stepping ~*~*~tactically~*~*~ (outnumbered).
 28433 | Snake:3  | 28433 ||| INVOKING Heroism.
 28647 | Snake:3  | 28647 ||| INVOKING Heroism.
 28723 | Snake:3  | 28723 ||| Stepping ~*~*~tactically~*~*~ (outnumbered).
 28725 | Snake:3  | 28725 ||| Stepping ~*~*~tactically~*~*~ (outnumbered).
 28730 | Snake:3  | 28730 ||| Stepping ~*~*~tactically~*~*~ (outnumbered).
 28844 | Snake:3  | 28844 ||| Stepping ~*~*~tactically~*~*~ (outnumbered).
 28852 | Snake:3  | Identified the +5 hand crossbow of Ethics {speed, rPois
                  | Int+5} (Okawaru gifted it to you on level 3 of the Snake
                  | Pit)
 28852 | Snake:3  | Received a gift from Okawaru
 28982 | Snake:3  | 28982 ||| UPGRADING to +2 barding of flying.
 28992 | Snake:3  | 28992 ||| DROPPING +0 barding of Minor Irritation {rPois}.
 28993 | Snake:3  | 28993 ||| READING scroll of enchant armour.
 28993 | Snake:3  | 28993 ||| ENCHANTING +2 barding of flying.
 28994 | Snake:3  | 28994 ||| READING 17 scrolls of identify.
 28994 | Snake:3  | 28994 ||| IDENTIFYING blue potion
 29032 | Snake:4  | Entered Level 4 of the Snake Pit
 29033 | Snake:4  | 29033 ||| INVOKING Heroism.
 29084 | Snake:4  | 29084 ||| STAIRDANCE
 29326 | Snake:4  | 29326 ||| INVOKING Heroism.
 29358 | Snake:4  | 29358 ||| Stepping ~*~*~tactically~*~*~ (outnumbered).
 29360 | Snake:4  | 29360 ||| INVOKING Heroism.
 29361 | Snake:4  | 29361 ||| Stepping ~*~*~tactically~*~*~ (outnumbered).
 29367 | Snake:4  | Received a gift from Okawaru
 29377 | Snake:4  | 29377 ||| Stepping ~*~*~tactically~*~*~ (outnumbered).
 29378 | Snake:4  | 29378 ||| Stepping ~*~*~tactically~*~*~ (outnumbered).
 29381 | Snake:4  | 29381 ||| Stepping ~*~*~tactically~*~*~ (outnumbered).
 29382 | Snake:4  | 29382 ||| Stepping ~*~*~tactically~*~*~ (outnumbered).
 29383 | Snake:4  | 29383 ||| Stepping ~*~*~tactically~*~*~ (outnumbered).
 29388 | Snake:4  | 29388 ||| Stepping ~*~*~tactically~*~*~ (outnumbered).
 29395 | Snake:4  | 29395 ||| Stepping ~*~*~tactically~*~*~ (outnumbered).
 29398 | Snake:4  | Identified the +1 flail of Malum In Se {flame, Int+5}
                  | (Okawaru gifted it to you on level 4 of the Snake Pit)
 29398 | Snake:4  | Received a gift from Okawaru
 29412 | Snake:4  | HP: 38/176 [nagaraja/+0 spear (9)]
 29413 | Snake:4  | 29413 ||| READING scroll of teleportation.
 29413 | Snake:4  | HP: 16/176 [constriction (4)]
 29414 | Snake:4  | HP: 5/176 [constriction (4)]
 29415 | Snake:4  | HP: 1/176 [poisoned by a nagaraja (bolt of poison)]
 29415 | Snake:4  | Constricted to death by a nagaraja

Levels and vault maps discovered:
D:1:      eino_arrival_water_cross, layout_rooms, serial_shops, shop
D:2:      layout_loops_corners
D:3:      layout_rooms, serial_curves, eino_curves_01, eino_curves_04,
          eino_curves_02, eino_curves_04, minmay_pentangle
D:4:      layout_basic, yredelemnul_altar_generic,
          nicolae_ru_great_annihilating_truth, lightli_temple_of_fire,
          minmay_temple_entry_stoned_glass
D:5:      layout_basic, lemuel_doored_altar, ebering_ghost_sewer_d,
          kennysheep_flooded_box
D:6:      layout_loops_ring, regret_index_temple_of_mockery,
          gammafunk_ghost_stat_death, serial_shops, shop,
          nicolae_shop_tiny_real_fake_doors, shop,
          nicolae_shop_industrial_runoff, shop, uniq_eustachio
D:7:      nzn_winding_woodlands_large [nzn_winding_woodlands_5x5_default,
          nzn_winding_woodlands_5x15_pool, nzn_winding_woodlands_5x5_perimeter,
          nzn_winding_woodlands_center_lodge,
          nzn_winding_woodlands_15x15_eel_pit,
          nzn_winding_woodlands_center_garden,
          nzn_winding_woodlands_5x5_checkerboard,
          nzn_winding_woodlands_5x15_longhouse,
          nzn_winding_woodlands_5x5_closed_star], layout_basic,
          minmay_hollow_rounded_squares
D:8:      layout_rooms, nicolae_sif_muna_little_library,
          nicolae_dithmenos_shadow_blocks, grunt_temple_overflow_open,
          serial_corexii_hall, corexii_hall_statues_t, chequers_hall_statues_y,
          corexii_hall_statues_x
D:9:      minmay_evil_eye, layout_gridville, enter_bailey_2,
          gammafunk_ghost_cemetery, uniq_erolcha
D:10:     layout_roguey, mainiacjoe_overflow_chevrons
D:11:     due_megacathedral, layout_rooms, hellmonk_lair_entry_icy,
          guppyfry_shop_venom, uniq_snorg, uniq_gastronok
D:12:     layout_loops_cross, erik_orc_4, gammafunk_ghost_fury_of_okawaru,
          grunt_ministairs_9, uniq_nergalle, uniq_azrael
D:13:     layout_loops_ring, david_vaults_4, serial_bayou, serial_bayou_pond_d,
          serial_bayou_lagoon_a, serial_bayou_pond_b, serial_bayou_pond_c,
          serial_bayou_crossing, gammafunk_ghost_crypt
D:14:     minmay_glassy_protrusions, layout_loops_ring,
          hangedman_abyss_or_decor_slice, dreamdust_looks_like_rain
D:15:     grunt_enter_depths_giant_problem, layout_small_grid,
          dk_noncrumbling_4, chequers_serial_rivers_micro_e,
          trog_three_pillars_becter, uniq_louise
Temple:   hellmonk_temple_beads
Lair:1:   layout_small_grid, grunt_megastairs_4, lemuel_fruit_fields
Lair:2:   layout_regular_city, nicolae_snake_entry_warm_welcome,
          grunt_megastairs_5
Lair:3:   layout_cave_shapes, skrybe_swamp_entry_bodies, enter_volcano_3
Lair:4:   layout_small_grid, cheibrodos_lair_lostbears, lemuel_fruit_tree,
          lemuel_fruit_fields, uniq_urug
Lair:5:   wormcave, layout_gridlike, slime_entry_1, special_room
          [special_room_bee], gauntlet_entry_generic, minivault_25,
          uniq_josephine
Swamp:1:  layout_basic_swamp, ebering_ghost_xom, nicolae_swamp_tree_designs,
          uniq_donald
Swamp:2:  layout_falls_marsh, evilmike_swamp_ruin_rubble_1
Swamp:3:  layout_basic_swamp, evilmike_swamp_ruin_house_5, swamp_pool2,
          st_shrine_of_shade
Snake:1:  layout_grid_shapes, hellmonk_ghost_happy_afterlife,
          nrook_loot_triangle, minmay_shoptagon
Snake:2:  layout_basic, minmay_shop_grid_forest, grunt_megastairs_3
Snake:3:  nicolae_snake_attic_fulla_snakes, layout_misc_corridors,
          nicolae_snake_biting_tails, uniq_vashnia
Snake:4:  snake_pit, layout_cave_town, grunt_ministairs_10,
          nicolae_shop_overcharged_wands
Orc:1:    layout_caves, serial_shops, nicolae_shop_pleasant_corner_grove
Orc:2:    grunt_orc_cross, layout_caves

Skill      XL: |  1  2  3  4  5  6  7  8  9 10 11 12 13 14 15 16 17 |
---------------+----------------------------------------------------+-----
Ranged Weapons | 4 5 6 7 9 10 11 13 14 16 18 | 18.0
Fighting       | 3 4 5 6 8 9 10 11 12 13 15 17 | 17.0
Armour         | 1 5 7 8 |  8.0
Dodging        | 2 3 4 5 6 7 9 11 12 | 12.4
Invocations    | 3 4 7 10 | 10.0
Stealth        | |  1.5

Action                     |  1- 3 |  4- 6 |  7- 9 | 10-12 | 13-15 | 16-18 || total
---------------------------+-------+-------+-------+-------+-------+-------++-------
   Fire: Shortbow          |    55 |   150 |    52 |       |       |       ||   257
         Orcbow            |       |       |   145 |   779 |    86 |       ||  1010
         Arbalest          |       |       |       |       |  1076 |   797 ||  1873
 Invoke: Heroism           |       |       |     8 |    22 |    39 |    26 ||    95
         Finesse           |       |       |       |     1 |     7 |       ||     8
Ability: Spit Poison       |    24 |    47 |    54 |    66 |       |       ||   191
    Use: Scroll            |     2 |     9 |     5 |     3 |     8 |    10 ||    37
         Potion            |       |     3 |     5 |     1 |     2 |     3 ||    14
 Armour: Leather armour    |     2 |       |    18 |   134 |    59 |    76 ||   289
         Ring mail         |     4 |    53 |    14 |       |       |       ||    71
         Troll leather arm |       |       |       |       |    23 |       ||    23
  Dodge: Dodged            |     7 |    52 |    79 |   409 |   295 |   282 ||  1124

Table legend:
 A = Non-vault XP
 B = Vault XP
 C = Vault XP percentage of total XP
 D = Non-vault monster count
 E = Vault monster count
 F = Vault count percentage of total count
                 A         B        C        D         E       F
            +---------+---------+-------+---------+---------+-------
      Total |  158147 |   77269 |  32.8 |     680 |     253 |  27.1
            +---------+---------+-------+---------+---------+-------
        D:1 |      45 |       0 |   0.0 |      25 |       0 |   0.0
        D:2 |      51 |       0 |   0.0 |      19 |       0 |   0.0
        D:3 |     101 |      30 |  22.9 |      22 |      11 |  33.3
        D:4 |     168 |      51 |  23.3 |      17 |       4 |  19.0
        D:5 |     644 |       0 |   0.0 |      17 |       0 |   0.0
        D:6 |     712 |     197 |  21.7 |      23 |       1 |   4.2
        D:7 |     719 |    5706 |  88.8 |      15 |      41 |  73.2
        D:8 |    1275 |       0 |   0.0 |      16 |       0 |   0.0
        D:9 |    1941 |    2357 |  54.8 |      18 |       6 |  25.0
       D:10 |    2040 |       0 |   0.0 |      25 |       0 |   0.0
       D:11 |    4912 |    4516 |  47.9 |      94 |      15 |  13.8
       D:12 |    3881 |    3803 |  49.5 |       7 |      23 |  76.7
       D:13 |    3373 |    3092 |  47.8 |      13 |       6 |  31.6
       D:14 |    2814 |    4199 |  59.9 |       4 |       9 |  69.2
       D:15 |   10784 |    2294 |  17.5 |      30 |       2 |   6.2
     Lair:1 |    7071 |     510 |   6.7 |      23 |       2 |   8.0
     Lair:2 |    4954 |    1159 |  19.0 |      17 |       6 |  26.1
     Lair:3 |    6117 |    1642 |  21.2 |      14 |       4 |  22.2
     Lair:4 |    6007 |    2005 |  25.0 |      24 |       5 |  17.2
     Lair:5 |   14197 |   10345 |  42.2 |      37 |      46 |  55.4
    Swamp:1 |   11067 |    1334 |  10.8 |      23 |       1 |   4.2
    Swamp:2 |    8600 |       0 |   0.0 |      15 |       0 |   0.0
    Swamp:3 |   10049 |    5273 |  34.4 |      20 |       8 |  28.6
    Snake:1 |    9770 |       0 |   0.0 |      20 |       0 |   0.0
    Snake:2 |   20709 |    2989 |  12.6 |      39 |       7 |  15.2
    Snake:3 |   16089 |    5971 |  27.1 |      31 |       5 |  13.9
    Snake:4 |    3945 |   12279 |  75.7 |       7 |      19 |  73.1
      Orc:1 |    2674 |       0 |   0.0 |      23 |       0 |   0.0
      Orc:2 |    3438 |    7517 |  68.6 |      42 |      32 |  43.2
            +---------+---------+-------+---------+---------+-------
